 Dungeon Crawl Stone Soup version 0.20-a0-1034-gb277f92 (console) character file.

2427 nht the Cruncher (level 9, -3/61 HPs)
             Began as a Demonspawn Gladiator on Apr 21, 2017.
             Was an Elder of Okawaru.
             Slain by a shadow (21 damage)
             ... on level 7 of the Dungeon.
             The game lasted 00:10:39 (6170 turns).

nht the Cruncher (Demonspawn Gladiator)             Turns: 6170, Time: 00:10:39

Health: -3/61      AC: 12    Str: 14    XL:     9   Next: 24%
Magic:  23/23      EV:  7    Int: 13    God:    Okawaru [****..]
Gold:   381        SH:  0    Dex: 15    Spells: 8/8 levels left

rFire    . . .     SeeInvis .   a - +0 quarterstaff
rCold    . . .     Gourm    .   (shield currently unavailable)
rNeg     + . .     Faith    .   q - +0 chain mail
rPois    +         Spirit   .   o - +1 helmet
rElec    .         Reflect  .   y - +0 cloak {rPois}
rCorr    .         Harm     .   n - +0 pair of gloves
MR       .....                  (no boots)
Stlth    ..........             e - amulet of magic regeneration
Regen    0.2/turn               p - ring of magical power
MPRegen  0.3/turn               B - ring of positive energy

@: no status effects
A: talons 2, powered by pain 1, rot immunity
a: Heroism, Renounce Religion


You were on level 7 of the Dungeon.
You worshipped Okawaru.
Okawaru was greatly pleased with you.
You were not hungry.

You visited 1 branch of the dungeon, and saw 7 of its levels.

You collected 381 gold pieces.

Inventory:

Hand Weapons
 a - a +0 quarterstaff (weapon)
 c - the +7 falchion of Beogh's Supremacy {antimagic, rF- rN+ Str+6}
   (You found it on level 4 of the Dungeon)

   It reduces the magical energy of the wielder, and disrupts the spells and
   magical abilities of those hit.
   Natural abilities and divine invocations are not affected.
   It affects your strength (+6).
   It makes you vulnerable to fire.
   It protects you from negative energy.
 u - a +0 hand crossbow
Armour
 n - a +0 pair of gloves (worn)
 o - a +1 helmet (worn)
 q - a +0 chain mail (worn)
 y - a +0 cloak of poison resistance (worn)
Jewellery
 e - an amulet of magic regeneration (around neck)
 g - an uncursed ring of magical power
 p - a ring of magical power (left hand)
 B - a ring of positive energy (right hand)
Wands
 d - a wand of polymorph (0/24)
Scrolls
 i - 4 scrolls of identify
 k - a scroll of fog
 m - a scroll of recharging
 r - a scroll of blinking
 s - a scroll of remove curse
 t - a scroll of magic mapping
 v - a scroll of teleportation
Potions
 h - 2 potions of flight
 j - 2 potions of curing
 x - a potion of heal wounds
 z - a potion of cancellation {unknown}
 A - a potion of agility
Comestibles
 b - 4 fruits
 f - 4 bread rations
 l - 2 meat rations
 w - a royal jelly
 C - 7 chunks of flesh


   Skills:
 - Level 2.0 Fighting
 * Level 10.4 Staves
 - Level 1.7 Throwing
 - Level 2.6 Dodging
 + Level 7.5 Invocations


You had 8 spell levels left.
You didn't know any spells.

Dungeon Overview and Level Annotations

Branches:
Dungeon (7/15)
 Temple: D:4-7

Altars:
Cheibriados
Kikubaaqudgha
Makhleb
Okawaru
Uskayaw
Vehumet
Wu Jian
Zin
The Shining One

Shops:
D:5 (

Annotations:
D:6 exclusion: statue


Innate Abilities, Weirdness & Mutations

You have razor-sharp toenails.
You sometimes gain a little power by taking damage.
You are immune to rotting.


Message History

You closely miss something. Your kick misses something.
The shadow strikes at you from the darkness!
Reactivating autopickup.
You hit the shadow.
The shadow is lightly damaged.
You hit the shadow but do no damage.
The shadow is lightly damaged.
The shadow hits you!
You closely miss the shadow. You claw the shadow, but do no damage.
The shadow is lightly damaged.
The shadow hits you!
* * * LOW HITPOINT WARNING * * *
You hit the shadow but do no damage.
The shadow is lightly damaged.
The shadow slips into darkness.
The shadow flickers and vanishes!
Deactivating autopickup; reactivate with Ctrl-A.
No target in view!
The shadow strikes at you from the darkness!
You die...

█.███..██
█......█ ███
.██ █████.██
█.. ).. █.█
█.█ █.. █ █.█
█.█ ..██ ..
█.█ █.█
...█.█ █.█
█.█ ....█
█.█████.██..█
█...@{.†...█
███████.████
█...


█████ There were no monsters in sight!

Vanquished Creatures
  The ghost of DEFE the Ducker, a novice DEAK of Lugonu (D:5)
  Grinder (D:6)
  An ice beast (D:6)
  A sky beast (D:6)
  3 ogres
  A necrophage (D:6)
  A phantom (D:4)
  A water moccasin zombie (D:7)
  3 scorpions
  3 crimson imps
  2 bullfrog zombies (D:5)
  4 hounds
  4 bullfrog skeletons
  A jelly (D:6)
  A centaur skeleton (D:6)
  An orc wizard (D:7)
  3 orc priests
  An iguana (D:7)
  Natasha (thrice) (D:3)
  3 worker ants
  3 hound skeletons
  3 hound zombies (D:5)
  A worker ant zombie (D:5)
  9 adders
  2 oozes
  3 adder skeletons
  An adder zombie (D:5)
  3 worms
  4 dart slugs
  7 leopard geckos
  15 orcs
  6 giant cockroaches
  6 hobgoblins
  8 jackals
  4 quokkas
  2 ball pythons
  9 bats
  10 frilled lizards
  7 goblins
  A jackal zombie (D:5)
  9 kobolds
  A leopard gecko skeleton (D:6)
  A leopard gecko zombie (D:5)
  6 rats
160 creatures vanquished.

Notes
Turn   | Place    | Note
-------+----------+-------------------------------------------
     0 | D:1      | nht the Demonspawn Gladiator began the quest for the Orb.
     0 | D:1      | Reached XP level 1. HP: 16/16 MP: 1/1
     8 | D:1      | Reached skill level 3 in Staves
    28 | D:1      | Gained mutation: You have sharp toenails. [demonic ancestry]
    28 | D:1      | Reached XP level 2. HP: 17/22 MP: 2/2
   535 | D:2      | Found an iron altar of Okawaru.
   548 | D:2      | Gained mutation: You sometimes gain a little power by taking damage. [demonic ancestry]
   548 | D:2      | Reached XP level 3. HP: 26/27 MP: 3/3
   725 | D:2      | Found a glowing golden altar of the Shining One.
   763 | D:2      | Reached skill level 4 in Staves
   791 | D:2      | Became a worshipper of Warmaster Okawaru
  1092 | D:3      | Reached XP level 4. HP: 26/33 MP: 4/4
  1203 | D:3      | Found a snail-covered altar of Cheibriados.
  1238 | D:3      | Reached skill level 5 in Staves
  1281 | D:3      | HP: 1/33 [orc priest/nerve-wracking pain (4)]
  1282 | D:3      | Reached XP level 5. HP: 1/38 MP: 5/5
  1601 | D:3      | Noticed Natasha
  1607 | D:3      | Killed Natasha
  1725 | D:3      | Noticed Natasha
  1728 | D:3      | Killed Natasha
  1728 | D:3      | Reached * piety under Okawaru
  1800 | D:3      | Reached skill level 6 in Staves
  1855 | D:3      | Noticed Natasha
  1869 | D:3      | Killed Natasha
  1869 | D:3      | Gained mutation: You are immune to rotting. [demonic ancestry]
  1869 | D:3      | Reached XP level 6. HP: 26/44 MP: 6/6
  2158 | D:4      | HP: 2/44 [poisoned by an adder]
  2503 | D:4      | Reached skill level 1 in Invocations
  2670 | D:4      | Reached skill level 7 in Staves
  2747 | D:4      | Reached XP level 7. HP: 24/50 MP: 8/8
  3039 | D:4      | Got a translucent falchion
  3063 | D:4      | Identified the +7 falchion of Beogh's Supremacy {antimagic, rF- rN+ Str+6} (You found it on level 4 of the Dungeon)
  3121 | D:4      | Reached ** piety under Okawaru
  3393 | D:5      | Entered Level 5 of the Dungeon
  3677 | D:5      | Noticed DEFE's ghost (novice DEAK)
  3678 | D:5      | Found an ornate altar of the Wu Jian Council.
  3719 | D:5      | Killed DEFE's ghost
  3719 | D:5      | Reached *** piety under Okawaru
  3719 | D:5      | Reached skill level 8 in Staves
  3719 | D:5      | Reached XP level 8. HP: 28/56 MP: 11/11
  4012 | D:5      | Reached skill level 5 in Invocations
  4029 | D:5      | Found Ceiromei's Weapon Emporium.
  4265 | D:5      | Reached skill level 9 in Staves
  4971 | D:6      | Found a runed door.
  4984 | D:6      | Found a hide-covered altar of Uskayaw.
  4993 | D:6      | Found a glowing silver altar of Zin.
  5126 | D:6      | Found a burning altar of Makhleb.
  5397 | D:6      | Found an ancient bone altar of Kikubaaqudgha.
  5460 | D:6      | Noticed Grinder
  5474 | D:6      | Killed Grinder
  5474 | D:6      | Reached **** piety under Okawaru
  5474 | D:6      | Reached skill level 10 in Staves
  5474 | D:6      | Gained mutation: You have razor-sharp toenails. [demonic ancestry]
  5474 | D:6      | Reached XP level 9. HP: 24/61 MP: 14/14
  5482 | D:6      | Found a radiant altar of Vehumet.
  5979 | D:6      | Noticed Crazy Yiuf
  5981 | D:6      | Noticed Crazy Yiuf
  5981 | D:6      | Crazy Yiuf changed into Crazy Yiuf the boggart
  5982 | D:6      | Noticed Crazy Yiuf
  5982 | D:6      | Crazy Yiuf the boggart changed into Crazy Yiuf the sky beast
  5990 | D:6      | Killed Crazy Yiuf the sky beast
  6170 | D:7      | Slain by a shadow

Vault maps used:
D:1:      saegor_arrival_simple_c
D:2:      minitemple
D:3:      cheibriados_altar_1, first_bread, hangedman_feature_mirror,
          uniq_natasha
D:5:      nicolae_overflow_crystal_walls, serial_shops, shop, serial_undead,
          serial_undead_d, serial_undead_c, serial_undead_d, serial_undead_a,
          serial_undead_a, serial_undead_c, minivault_5
D:6:      kiku_gazebo_garden_becter, zin_academy, vehumet_statue,
          overflow_temple_1_default, makhleb_blood_cavern_becter,
          uniq_crazy_yiuf_cottage, uniq_grinder
D:7:      elyvilon_altar_4, temple_statues, uniq_duvessa, uniq_joseph

Skill      XL: |  1  2  3  4  5  6  7  8  9 |
---------------+----------------------------+-----
Staves         | 3 4 5 6 7 8 10 | 10.4
Invocations    | 1 4 6 7 |  7.5
Fighting       | |  2.0
Throwing       | |  1.7
Dodging        | |  2.6

Action                   |  1- 3 |  4- 6 |  7- 9 || total
-------------------------+-------+-------+-------++-------
Melee: Quarterstaff      |   103 |   240 |   382 ||   725
       Kick              |    15 |    47 |   110 ||   172
Throw: Throwing net      |       |     4 |     3 ||     7
Invok: Heroism           |       |     1 |     5 ||     6
Evoke: Wand              |       |       |     3 ||     3
  Use: Potion            |     1 |     7 |     1 ||     9
       Scroll            |       |     7 |    10 ||    17
 Stab: Held in net/web   |       |       |     5 ||     5
  Eat: Chunk             |     1 |     5 |    12 ||    18
Armor: Leather armour    |    36 |       |       ||    36
       Chain mail        |     4 |   172 |   161 ||   337
Dodge: Dodged            |    83 |   104 |   111 ||   298
